 Dungeon Crawl Stone Soup version 0.30-a0-439-g9e77e4d916 (webtiles) character file.

Game seed: 9525556709249195916

93688 Jackthecabe the Destroyer (level 15, 0/118 HPs)
             Began as a Demigod Conjurer on Dec 10, 2022.
             Slain by a wolf spider (18 damage)
             ... on level 15 of the Dungeon.
             The game lasted 01:31:43 (41081 turns).

Jackthecabe the Destroyer (Demigod Conjurer)       Turns: 41081, Time: 01:31:43

Health: 0/118      AC: 13    Str:  6 (8)  XL:     15   Next: 19%
Magic:  26/31      EV: 11    Int: 42 (43) God:
Gold:   2901       SH:  5    Dex:  6      Spells: 4/30 levels left

rFire   + + +      SeeInvis .    P - +8 lajatang (spect)
rCold   . . .      Faith    .    (shield currently unavailable)
rNeg    + . .      Spirit   .    S - +3 scale mail "Xuqoec" {rPois rF+++ rCorr Dex-4}
rPois   +          Reflect  +    (helmet restricted)
rElec   .          Harm     .    I - +0 cloak
rCorr   +          Rampage  .    (no gloves)
Will    ++...      Clarity  +    a - +1 pair of boots
Stlth   ..........               d - amulet of reflection
HPRegen 0.39/turn                Y - ring "Biydd" {Drain rN+ Will+ EV+4 Int+3}
MPRegen 0.22/turn                z - ring of wizardry

@: lethally poisoned (0 -> -33)
A: high MP 1, forlorn, divine attributes, antennae 1, fangs 1, clarity, clumsy 1
a: no special abilities


You were on level 15 of the Dungeon.
You visited 3 branches of the dungeon, and saw 22 of its levels.

You collected 3179 gold pieces.
You spent 278 gold pieces at shops.


Innate Abilities, Weirdness & Mutations

You have an increased reservoir of magic. (+10% MP)
You shall have no god before yourself.
Your divine heritage dramatically boosts your attributes as you level up.
You have a pair of small antennae on your head.
You have very sharp teeth.
You possess an exceptional clarity of mind.
You are clumsy. (Dex -2)


   Skills:
 - Level 7.0 Fighting
 - Level 4.0 Armour
 - Level 4.0 Dodging
 - Level 1.7 Stealth
 - Level 8.0 Spellcasting
 + Level 13.4 Conjurations
 - Level 6.0 Hexes
 - Level 8.0 Translocations
 - Level 10.0 Transmutations
 + Level 13.4 Earth Magic
 - Level 2.0 Evocations


You had 4 spell levels left.
You knew the following spells:

 Your Spells              Type           Power      Damage    Failure   Level
f - Fulminant Prism       Conj/Hex       39%        3d18      1%          4
i - Irradiate             Conj/Tmut      43%        3d26      2%          5
m - Magic Dart            Conj           100%       1d8       1%          1
s - Searing Ray           Conj           100%       2d8       1%          2
t - Tukima's Dance        Hex            61%        N/A       2%          3
y - Yara's Violent Unrav  Hex/Tmut       35%        3d14      11%         5
I - Iron Shot             Conj/Erth      46%        9d9       6%          6

Your spell library contained the following spells:

 Spells                   Type           Power      Damage    Failure   Level
 Beastly Appendage        Tmut           100%       N/A       1%          1
 Blink                    Tloc           100%       N/A       1%          2
 Wereblood                Tmut           79%        N/A       1%          2
 Dazzling Flash           Conj/Hex       100%       N/A       1%          3
 Portal Projectile        Hex/Tloc       100%       N/A       1%          3
 Iskenderun's Mystic Bla  Conj/Tloc      82%        2d16      1%          4
 Leda's Liquefaction      Hex/Erth       39%        N/A       1%          4
 Petrify                  Tmut/Erth      86%        N/A       1%          4
 Spider Form              Tmut/Pois      56%        N/A       4%          3
 Manifold Assault         Tloc           71%        N/A       4%          4
 Passage of Golubria      Tloc           71%        N/A       4%          4
 Vhi's Electric Charge    Tloc/Air       100%       N/A       6%          3
 Flame Wave               Conj/Fire      65%        2d15      6%          4
 Necrotise                Necr           64%        1d7       11%         1
 Scorch                   Fire           32%        2d6       16%         2
 Sublimation of Blood     Necr           16%        N/A       16%         2
 Call Canine Familiar     Summ           16%        N/A       28%         3
 Swiftness                Air            16%        N/A       28%         3
 Vampiric Draining        Necr           16%        2d7       28%         3
 Iskenderun's Battlesphe  Conj           92%        2d14      1%          5
 Blade Hands              Tmut           39%        N/A       4%          5
 Lightning Bolt           Conj/Air       32%        1d50      17%         5
 Summon Forest            Summ/Tloc      25%        N/A       45%         5
 Summon Mana Viper        Hex/Summ       42%        N/A       58%         5
 Dragon Form              Tmut           39%        N/A       77%         7
 Agony                    Necr           16%        N/A       93%         5
 Spellforged Servitor     Conj/Summ      32%        N/A       99%         7
 Summon Cactus Giant      Summ           8%         N/A       100%        6
 Storm Form               Tmut/Air       28%        N/A       100%        7

Inventory:

Hand Weapons
 J - a +3 dagger of venom
   (You took it off an orc on level 6 of the Dungeon)
 P - a +8 spectral lajatang (weapon)
   (You acquired it on level 13 of the Dungeon)
 Q - the +10 flail of the Pit {vorpal, rN+}
   (You found it on level 11 of the Dungeon)

   It inflicts extra damage upon your enemies.
   rN:        It protects you from negative energy.
Missiles
 n - 60 poisoned darts
 F - 2 throwing nets {=f!f}
 G - 5 curare-tipped darts {=f}
Armour
 a - a +1 pair of boots (worn)
   (You found it on level 10 of the Dungeon)
 I - a +0 cloak (worn)
   (You found it on level 6 of the Dungeon)
 S - the +3 scale mail "Xuqoec" (worn) {rPois rF+++ rCorr Dex-4}
   (You found it on level 9 of the Dungeon)

   Dex:       It affects your dexterity (-4).
   rF:        It renders you almost immune to fire.
   rPois:     It protects you from poison.
   rCorr:     It protects you from acid and corrosion.
Jewellery
 d - an amulet of reflection (around neck)
   (You found it on level 10 of the Dungeon)
 e - a +4 ring of evasion
   (You took it off a kobold on level 8 of the Dungeon)
 g - an amulet of magic regeneration
   (You found it on level 13 of the Dungeon)
 z - a ring of wizardry (right hand)
   (You found it on level 8 of the Dungeon)
 C - a ring of protection from cold
   (You found it on level 3 of the Dungeon)
 K - a ring of willpower
   (You found it on level 12 of the Dungeon)
 L - a ring of flight
   (You found it on level 3 of the Lair of Beasts)
 R - a ring of resist corrosion
   (You found it on level 14 of the Dungeon)
 Y - the ring "Biydd" (left hand) {Drain rN+ Will+ EV+4 Int+3}
   (You found it on level 10 of the Dungeon)

   [ring of evasion]

   EV:        It affects your evasion (+4).
   Int:       It affects your intelligence (+3).
   rN:        It protects you from negative energy.
   Drain:     It drains your maximum health when unequipped.
   Will:      It increases your willpower.
Wands
 f - a wand of digging (6)
   (You found it on level 5 of the Lair of Beasts)
 y - a wand of roots (9)
   (You found it on level 3 of the Lair of Beasts)
 B - a wand of polymorph (3)
   (You found it on level 5 of the Dungeon)
 U - a wand of charming (22)
   (You found it on level 1 of the Lair of Beasts)
 W - a wand of flame (31)
   (You took it off a kobold on level 10 of the Dungeon)
 X - a wand of light (3)
   (You found it on level 4 of the Lair of Beasts)
Scrolls
 h - 2 scrolls of vulnerability {!r!r}
 j - 4 scrolls of magic mapping {!r}
 l - 2 scrolls of amnesia
 m - 2 scrolls of immolation {!r!r}
 o - 6 scrolls of blinking {!r}
 r - 2 scrolls of fog
 t - 2 scrolls of fear
 v - 6 scrolls of poison
 x - 2 scrolls of silence {!r}
 A - 2 scrolls of brand weapon
 Z - 12 scrolls of teleportation {@r4}
Potions
 b - a potion of attraction {unknown}
 i - 2 potions of berserk rage {!q}
 k - a potion of invisibility
 p - 5 potions of lignification {!q}
 q - 3 potions of mutation {!q}
 s - 7 potions of resistance
 u - a potion of brilliance
 w - 2 potions of cancellation
 E - 3 potions of magic
 H - 5 potions of might
 M - 12 potions of curing {@q1}
 O - a potion of flight
 T - 2 potions of haste {@q3}
Miscellaneous
 N - a box of beasts
   (You found it on level 12 of the Dungeon)
 V - a phantom mirror
   (You found it on level 10 of the Dungeon)

Dungeon Overview and Level Annotations

Branches:
Dungeon (15/15) Zot: 26562  Temple (0/1) D:5            Lair (5/5) D:8 Zot: 18926
  Swamp (0/4) Lair:2       Spider (0/4) Lair:3        Slime (0/5) Lair:4
    Orc (2/2) D:9 Zot: 7010     Elf (0/3) Orc:2        Vaults (0/5) D:13
 Depths (0/4) D:15

Shops:
D:6 [   Orc:1 **   Orc:2 *[:(

Portals:
Hell: Lair:5

Annotations:
D:3 1 runed translucent door, Crazy Yiuf, Sigmund
D:6 1 runed translucent door, retardedninja's ghost, novice HOFi

+.. .# ..#
##+##....# ..#
....#....#...#
.........#...
....... ...#
.°R..≈. .≈.#
#####.○{#...#
#...s###'#
#...§@N.#.s.#
#.....≈.#.≈.#
#.......#N..#
#....###.###>#
+....# ## ##
#....# #....#
##...# #...#


You could see a wolf spider and a naga mage (misshapen).


Message History

😮 HP[-10]
You take 10 damage, and now have 86/118 hp.
You hit the dire elephant.
You bite the dire elephant, but do no damage.
Your +8 spectral lajatang hits the dire elephant!!!
The dire elephant tramples you!
You hold your ground!
The dire elephant trunk-slaps you but does no damage.
The dire elephant tramples you.
You stumble backwards! 😮 HP[-12]
You take 12 damage, and now have 74/118 hp.
You barely miss the dire elephant.
Your +8 spectral lajatang hits the dire elephant!!
The naga mage gestures wildly while chanting.
The naga mage seems to speed up.
The dire elephant tramples you but does no damage.
The dire elephant trunk-slaps you! 😮 HP[-10]
You take 10 damage, and now have 64/118 hp.
You hit the dire elephant but do no damage.
Your +8 spectral lajatang hits the dire elephant!!
You kill the dire elephant!
The naga mage barely misses your +8 spectral lajatang. 😮 HP[+1]
You completely miss the efreet.
Your +8 spectral lajatang hits the efreet!!
The naga mage spits poison at you.
The splash of poison hits you but does no damage.
You are poisoned.
You resist. The efreet gestures at you. The bolt of fire misses you.
The naga mage hits you from afar with a +0 spear.
The efreet gestures at you.
The fireball explodes!
The fireball engulfs you. You resist.
* * * LOW HITPOINT WARNING * * *
The fireball engulfs your +8 spectral lajatang.
Your +8 spectral lajatang resists.
Your spectral weapon shares its damage with you!
The fireball engulfs the efreet.
The efreet completely resists.
* * * LOW HITPOINT WARNING * * *
😨 HP[-9]
You take 9 damage, and now have 56/118 hp.
You slash the efreet!
Your +8 spectral lajatang hits the efreet!!
You kill the efreet!
You feel sick. The naga mage closely misses you. x2
The wolf spider hits your +8 spectral lajatang but does no damage.
The wolf spider barely misses your +8 spectral lajatang. 😨 HP[-1]
You take 1 damage, and now have 55/118 hp.
Unknown command.
Casting: Irradiate (dangerous; 2% risk of failure)
Confirm with . or Enter, or press ? or * to list all spells.
You don't know that spell.
Casting: Irradiate (dangerous; 2% risk of failure)
Confirm with . or Enter, or press ? or * to list all spells.
You don't know that spell.
Casting: Irradiate (dangerous; 2% risk of failure)
Confirm with . or Enter, or press ? or * to list all spells.
Aiming: Yara's Violent Unravelling (dangerous; 11% risk of failure)
Press: ? - help, Dir - move target, f - naga mage
Aim: a naga mage, wielding a +0 spear (fast, catching its breath)
The naga mage's magical effects unravel!
The enchantments explode!
The naga mage twists and deforms.
The unravelling engulfs the naga mage!!
You feel sick.
The naga mage hits you but does no damage. 😨 HP[-1] MP[-5]
You take 1 damage, and now have 54/118 hp.
You lost 5 mp, and now have 26/31 mp.
Unknown command.
You barely miss the wolf spider.
You bite the wolf spider, but do no damage.
Your +8 spectral lajatang hits the wolf spider!!
You hear the quick crackling of a very distant melting archway.
You feel sick.
The wolf spider hits your +8 spectral lajatang.
Your spectral weapon shares its damage with you!
* * * LOW HITPOINT WARNING * * *
The wolf spider bites your +8 spectral lajatang.
Your spectral weapon shares its damage with you!
* * * LOW HITPOINT WARNING * * *
The naga mage hits you but does no damage.
The wolf spider hits your +8 spectral lajatang!
Your spectral weapon shares its damage with you!
* * * LOW HITPOINT WARNING * * *
The wolf spider barely misses your +8 spectral lajatang.
The naga mage hits you from afar with a +0 spear!
* * * LOW HITPOINT WARNING * * *
😨 HP[-17]
You take 17 damage, and now have 37/118 hp.
You swap places.
You feel sick.
You are no longer poisoned.
The wolf spider hits you!
* * * LOW HITPOINT WARNING * * *
The wolf spider bites you.
* * * LOW HITPOINT WARNING * * *
You are lethally poisoned!
The wolf spider poisons you! The wolf spider hits you!!
You die...

Skill      XL: |  1  2  3  4  5  6  7  8  9 10 11 12 13 14 15 |
---------------+----------------------------------------------+-----
Spellcasting   | 2 3 4 5 7 8 |  8.0
Conjurations   | 4 5 6 8 10 12 13 | 13.4
Hexes          | 2 4 6 |  6.0
Fighting       | 2 3 4 6 7 |  7.0
Evocations     | 2 |  2.0
Transmutations | 3 6 8 10 | 10.0
Armour         | 4 |  4.0
Dodging        | 4 |  4.0
Translocations | 8 |  8.0
Earth Magic    | 6 10 12 13 | 13.4
Stealth        | |  1.7

Action                   |  1- 3 |  4- 6 |  7- 9 | 10-12 | 13-15 || total
-------------------------+-------+-------+-------+-------+-------++-------
Melee: Unarmed           |    11 |     9 |     1 |       |       ||    21
       Dagger            |       |       |     8 |   158 |    16 ||   182
       Maul              |       |       |       |    16 |       ||    16
       Punch             |       |       |       |     2 |     1 ||     3
       Flail             |       |       |       |       |   182 ||   182
       Lajatang          |       |       |       |       |    93 ||    93
       Bite              |       |       |       |       |    25 ||    25
Throw: Dart              |       |       |     5 |     3 |       ||     8
 Cast: Magic Dart        |    80 |    61 |   122 |   184 |   419 ||   866
       Searing Ray       |     5 |    16 |    41 |    35 |    10 ||   107
       Fulminant Prism   |       |       |    24 |    41 |    31 ||    96
       Tukima's Dance    |       |       |     6 |     9 |    19 ||    34
       Irradiate         |       |       |    11 |    77 |   188 ||   276
       Manifold Assault  |       |       |       |    20 |       ||    20
       Iron Shot         |       |       |       |       |    28 ||    28
       Yara's Violent Un |       |       |       |       |     8 ||     8
Evoke: Wand              |       |       |     4 |     2 |     1 ||     7
       Phantom mirror    |       |       |       |     1 |       ||     1
  Use: Potion            |       |     1 |     2 |     1 |    15 ||    19
       Scroll            |       |       |       |    14 |    22 ||    36
 Stab: Invisible         |       |       |       |     1 |       ||     1
       Distracted        |       |       |       |       |     1 ||     1
Armor: Robe              |     9 |     3 |     8 |     6 |       ||    26
       Scale mail        |       |       |       |   101 |   364 ||   465
Dodge: Dodged            |    16 |    20 |    74 |   224 |   381 ||   715
Block: Other             |       |       |       |     9 |   190 ||   199
       Reflection        |       |       |       |     1 |    16 ||    17

Levels and vault maps discovered:
D:1:      erik_arrival_cave_to_civilisation [erik_arrival_cave_to_hall],
          layout_basic
D:2:      layout_basic
D:3:      layout_basic, uniq_sigmund, uniq_crazy_yiuf_cottage
D:4:      layout_cave_pools, mainiacjoe_overflow_boulevard
D:5:      layout_gridville, nicolae_dithmenos_shadow_blocks,
          mainiacjoe_overflow_surrounded_room, amethyst_overflow_temple_binary,
          minmay_temple_entry_sparse_star, nrook_mini_vaults,
          minmay_quadrilaterals
D:6:      layout_basic, ebering_ghost_sewer_d, serial_shops,
          nicolae_shop_hallway_stairs
D:7:      layout_rooms
D:8:      layout_cave_pools, nicolae_hepliaklqana_hippocampus,
          overflow_temple_1_default, lair_entry_dummy,
          hellmonk_guarded_unrand_dark_maul
D:9:      minmay_sliced_demisemicircle, layout_layer_cave, david_orc_2
D:10:     layout_layer_cave, minmay_diamond_spiral
D:11:     layout_basic, trog_three_pillars_becter
D:12:     minmay_mutant_horseshoe, layout_basic, st_stairs_7
D:13:     layout_basic, grunt_vaults_entry_tiered, drop_trap, uniq_rupert
D:14:     layout_basic, nicolae_ru_path_of_blood, uniq_snorg
D:15:     hangedman_depths_entry_try_elsewhere_first, layout_grid_maze,
          portal_ice_cave_entry_frozen_things, minmay_radiant
Lair:1:   layout_chaotic_city, grunt_megastairs_1, infiniplex_staircase_pool_2,
          uniq_sonja, uniq_erica, uniq_harold, uniq_grum
Lair:2:   layout_loops_ring, nicolae_swamp_entry_splash_gauntlet,
          chequers_serial_rivers_marsh, nicolae_lair_liquid_snakes,
          lemuel_fruit_tree, infiniplex_staircase_pool
Lair:3:   layout_layer_cave, spider_nest_entry_a
Lair:4:   layout_misc_corridors, minmay_slime_entry_pillars, grunt_megastairs_3
Lair:5:   evil_forest, layout_regular_city, serial_forest,
          infiniplex_forest_straight_4, infiniplex_forest_lined_2,
          infiniplex_forest_clump_double, infiniplex_forest_join,
          infiniplex_forest_zigzag_1, infiniplex_forest_zigzag_1,
          infiniplex_forest_join, infiniplex_forest_straight_4,
          lemuel_fruit_fields
Orc:1:    layout_caves, ebering_ghost_rock_garden, nicolae_specific_store,
          uniq_josephine
Orc:2:    st_orc_congregation, layout_caves

Notes
Turn   | Place    | Note
-------+----------+-------------------------------------------
     0 | D:1      | Jackthecabe the Demigod Conjurer began the quest for the
                  | Orb.
     0 | D:1      | Reached XP level 1. HP: 14/14 MP: 5/5
     0 | D:1      | magus.rc [v1.11.4]
   100 | D:1      | Reached skill level 2 in Spellcasting
   258 | D:1      | Reached XP level 2. HP: 20/20 MP: 5/7
   343 | D:1      | You pick up a book of Weapons and begin reading...
   343 | D:1      | You add the spells Tukima's Dance, Portal Projectile and
                  | Blade Hands to your library.
   409 | D:1      | Learned a level 2 spell: Searing Ray
   590 | D:1      | Reached skill level 4 in Conjurations
  1770 | D:2      | Reached XP level 3. HP: 26/26 MP: 6/9
  2815 | D:3      | Reached skill level 3 in Spellcasting
  2815 | D:3      | Reached XP level 4. HP: 33/33 MP: 4/11
  3042 | D:3      | Noticed Sigmund
  3141 | D:3      | Noticed a phantom
  3158 | D:3      | Killed a phantom
  3159 | D:3      | Reached skill level 5 in Conjurations
  3159 | D:3      | Reached XP level 5. HP: 34/38 MP: 3/12
  3358 | D:3      | Found a runed translucent door.
  3359 | D:3      | Noticed Crazy Yiuf
  3724 | D:4      | Noticed an ogre
  4038 | D:4      | Reached skill level 6 in Conjurations
  4043 | D:4      | Learned a level 4 spell: Fulminant Prism
  4099 | D:4      | Killed an ogre
  4100 | D:4      | Reached skill level 2 in Hexes
  4100 | D:4      | Reached XP level 6. HP: 45/45 MP: 4/13
  4293 | D:4      | Reached skill level 3 in Hexes
  4325 | D:4      | Reached skill level 4 in Hexes
  4399 | D:4      | Reached XP level 7. HP: 50/50 MP: 8/14
  4683 | D:4      | Learned a level 3 spell: Tukima's Dance
  4706 | D:5      | Entered Level 5 of the Dungeon
  4929 | D:5      | Reached skill level 5 in Hexes
  5243 | D:5      | Reached skill level 6 in Hexes
  5243 | D:5      | Reached skill level 1 in Fighting
  5346 | D:5      | You pick up a book of Alchemy and begin reading...
  5346 | D:5      | You add the spells Sublimation of Blood, Petrify and
                  | Irradiate to your library.
  5407 | D:5      | Found a staircase to the Ecumenical Temple.
  5508 | D:5      | Reached skill level 2 in Fighting
  5570 | D:5      | Reached skill level 1 in Evocations
  5895 | D:5      | Reached skill level 2 in Evocations
  5895 | D:5      | Reached XP level 8. HP: 48/61 MP: 5/15
  6249 | D:6      | Found a runed translucent door.
  6254 | D:6      | Noticed retardedninja's ghost (novice HOFi)
  6311 | D:6      | Reached skill level 7 in Conjurations
  6935 | D:6      | Identified the +1 leather armour of Geugukh {rPois rF- rC+
                  | Stlth+}
  6943 | D:6      | Reached skill level 8 in Conjurations
  7083 | D:6      | Found Tiostror's Armour Emporium.
  7272 | D:7      | HP: 14/61 [water moccasin (4)]
  7273 | D:7      | Reached skill level 4 in Spellcasting
  7424 | D:7      | Reached skill level 1 in Transmutations
  7568 | D:7      | Reached skill level 2 in Transmutations
  7697 | D:7      | Reached skill level 3 in Transmutations
  7712 | D:7      | HP: 8/61 [vampire (10)]
  7714 | D:7      | Reached XP level 9. HP: 9/67 MP: 1/18
  7929 | D:7      | Reached skill level 4 in Transmutations
  8408 | D:7      | Reached skill level 5 in Transmutations
  8554 | D:7      | Identified the +0 chain mail of the Stone Wall {rN+ Regen+
                  | MP+9}
  8833 | D:8      | Reached skill level 6 in Transmutations
  8953 | D:7      | Learned a level 5 spell: Irradiate
  8957 | D:8      | Reached skill level 3 in Fighting
  9120 | D:7      | Reached skill level 9 in Conjurations
 10010 | D:8      | Found a staircase to the Lair.
 10251 | D:8      | You add the spells Blink, Manifold Assault and Storm Form
                  | to your library.
 10417 | D:8      | Noticed a two-headed ogre
 10466 | D:8      | Killed a two-headed ogre
 10467 | D:8      | Reached skill level 10 in Conjurations
 10467 | D:8      | Reached XP level 10. HP: 77/77 MP: 0/19
 10685 | D:8      | Noticed a two-headed ogre
 10697 | D:8      | Killed a two-headed ogre
 10698 | D:8      | Reached skill level 7 in Transmutations
 10855 | D:8      | Noticed a two-headed ogre
 10855 | D:8      | a two-headed ogre comes into view. It is wielding the +10
                  | dark maul {vorpal} and a +0 giant spiked club.
 10856 | D:8      | Aim: a two-headed ogre, wielding the +10 dark maul {vorpal}
                  | and a +0 giant spiked club (chance to affect: 50%)
 10856 | D:8      | Aim: a two-headed ogre, wielding the +10 dark maul {vorpal}
                  | and a +0 giant spiked club (chance to affect: 50%)
 10862 | D:8      | Killed a two-headed ogre
 10863 | D:8      | Reached skill level 8 in Transmutations
 10908 | D:8      | Noticed an orc knight
 10927 | D:8      | HP: 8/77 [orc knight (16)]
 10931 | D:8      | Killed an orc knight
 10932 | D:8      | Reached skill level 4 in Fighting
 10932 | D:8      | Reached skill level 1 in Armour
 11140 | D:9      | Found a staircase to the Orcish Mines.
 11283 | D:9      | Reached skill level 2 in Armour
 11524 | D:9      | Reached skill level 3 in Armour
 11936 | D:9      | Reached skill level 4 in Armour
 11936 | D:9      | Reached skill level 2 in Dodging
 12620 | D:9      | Noticed a green ugly thing
 12620 | D:9      | Noticed an eight-headed hydra
 12621 | D:9      | Noticed a cyclops
 12623 | D:9      | Killed an eight-headed hydra
 12624 | D:9      | Reached skill level 3 in Dodging
 12629 | D:9      | Killed a cyan ugly thing
 12630 | D:9      | Reached skill level 4 in Dodging
 12706 | D:9      | Killed a cyclops
 12707 | D:9      | Reached XP level 11. HP: 84/84 MP: 1/21
 12989 | D:9      | Reached skill level 5 in Spellcasting
 12992 | D:9      | Reached skill level 1 in Translocations
 12997 | D:9      | Learned a level 4 spell: Manifold Assault
 13412 | D:9      | Noticed a tengu warrior
 13412 | D:9      | Noticed a boulder beetle
 13421 | D:9      | Killed a tengu warrior
 13421 | D:9      | Killed a boulder beetle
 13422 | D:9      | Reached skill level 3 in Translocations
 13539 | D:9      | Reached skill level 4 in Translocations
 13634 | D:9      | Noticed a wizard
 13642 | D:9      | Killed a wizard
 13656 | D:9      | Reached skill level 5 in Translocations
 13817 | D:9      | Identified the +3 scale mail "Xuqoec" {rPois rF+++ rCorr
                  | Dex-4}
 14204 | D:10     | Entered Level 10 of the Dungeon
 14322 | D:10     | Reached skill level 6 in Translocations
 14828 | D:10     | Noticed a five-headed hydra
 14835 | D:10     | Killed a five-headed hydra
 14836 | D:10     | Reached skill level 7 in Translocations
 15077 | D:10     | Noticed a centaur warrior
 15079 | D:10     | Killed a centaur warrior
 15080 | D:10     | Reached skill level 8 in Translocations
 15158 | D:10     | Identified the ring "Biydd" {Drain rN+ Will+ EV+4 Int+3}
 16119 | D:11     | Reached skill level 5 in Fighting
 16942 | D:11     | Reached skill level 6 in Fighting
 17184 | D:11     | Noticed a two-headed ogre
 17194 | D:11     | Killed a two-headed ogre
 17195 | D:11     | Reached XP level 12. HP: 83/96 MP: 11/23
 17369 | D:11     | Identified the +10 flail of the Pit {vorpal, rN+}
 17584 | Lair:1   | Entered Level 1 of the Lair of Beasts
 17652 | Lair:1   | Noticed Erica
 17659 | Lair:1   | Killed Erica
 17672 | Lair:1   | Reached skill level 9 in Transmutations
 18204 | Lair:1   | Noticed Sonja
 18208 | Lair:1   | Killed Sonja
 18209 | Lair:1   | Reached skill level 10 in Transmutations
 18230 | Lair:1   | Noticed Grum
 18236 | Lair:1   | Killed Grum
 18238 | Lair:1   | Noticed Harold
 18259 | Lair:1   | Killed Harold
 18888 | Lair:2   | Reached skill level 6 in Spellcasting
 18977 | Lair:2   | Identified a scroll of acquirement
 19455 | Lair:2   | You pick up a book of Power and begin reading...
 19455 | Lair:2   | You add the spells Iskenderun's Battlesphere, Iron Shot and
                  | Spellforged Servitor to your library.
 19996 | Lair:2   | Reached skill level 7 in Spellcasting
 19996 | Lair:2   | Reached skill level 1 in Earth Magic
 20003 | Lair:2   | Learned a level 6 spell: Iron Shot
 20062 | Lair:2   | Found a staircase to the Swamp.
 20441 | Lair:2   | Reached skill level 2 in Earth Magic
 20884 | Lair:3   | Found a hole to the Spider Nest.
 21049 | Lair:3   | Reached skill level 3 in Earth Magic
 21211 | Lair:3   | Noticed a five-headed hydra
 21221 | Lair:3   | Killed a five-headed hydra
 21222 | Lair:3   | Reached skill level 4 in Earth Magic
 21837 | Lair:3   | You add the spells Passage of Golubria and Yara's Violent
                  | Unravelling to your library.
 22041 | Lair:4   | Reached skill level 5 in Earth Magic
 22529 | Lair:4   | Reached skill level 6 in Earth Magic
 22532 | Lair:4   | Gained mutation: You have hidden genetic defects.
                  | [mutagenic glow]
 22627 | Lair:4   | Reached XP level 13. HP: 62/102 MP: 10/27
 22821 | Lair:4   | Found a staircase to the Slime Pits.
 23004 | Lair:4   | You pick up a book of Necromancy and begin reading...
 23004 | Lair:4   | You add the spells Necrotise, Vampiric Draining and Agony
                  | to your library.
 23021 | Lair:4   | Reached skill level 7 in Earth Magic
 23627 | Lair:5   | Entered Level 5 of the Lair of Beasts
 23860 | Lair:5   | Gained mutation: You sometimes lose your temper in combat.
                  | [hidden defects]
 23931 | Lair:5   | Gained mutation: Your body sometimes deteriorates upon
                  | taking damage. [mutagenic glow]
 24185 | Lair:5   | Reached skill level 8 in Earth Magic
 24365 | Lair:5   | Reached skill level 9 in Earth Magic
 24372 | Lair:5   | HP: 24/102 [yak (3)]
 24910 | Lair:5   | Gained mutation: Your body often deteriorates upon taking
                  | damage. [hidden defects]
 24910 | Lair:5   | Lost mutation: You have hidden genetic defects. [hidden
                  | defects expressed]
 25285 | Lair:5   | Reached skill level 10 in Earth Magic
 25566 | Lair:5   | Learned a level 5 spell: Yara's Violent Unravelling
 26045 | Lair:4   | Reached skill level 7 in Fighting
 26706 | Lair:5   | You pick up a book of Transfigurations and begin reading...
 26836 | Lair:5   | Noticed a dire elephant
 26860 | Lair:5   | HP: 24/105 [dire elephant (5)]
 26884 | Lair:5   | Killed a dire elephant
 27712 | Lair:5   | Gained mutation: You occasionally lose the ability to read
                  | scrolls when taking damage. [mutagenic glow]
 27727 | Lair:5   | Gained mutation: You do not regenerate when monsters are
                  | visible. [mutagenic glow]
 28422 | Lair:5   | Found a gateway to Hell.
 28479 | Lair:5   | Reached XP level 14. HP: 113/113 MP: 19/28
 28620 | Orc:1    | Entered Level 1 of the Orcish Mines
 28635 | D:9      | Reached skill level 11 in Earth Magic
 29069 | D:9      | HP: 22/113 [ettin (9)]
 29083 | D:9      | Reached skill level 11 in Conjurations
 29422 | D:9      | Lost mutation: You sometimes lose your temper in combat.
                  | [potion of mutation]
 29422 | D:9      | Lost mutation: Your body often deteriorates upon taking
                  | damage. [potion of mutation]
 29422 | D:9      | Lost mutation: You do not regenerate when monsters are
                  | visible. [potion of mutation]
 29422 | D:9      | Gained mutation: You possess an exceptional clarity of
                  | mind. [potion of mutation]
 29422 | D:9      | Gained mutation: You have very sharp teeth. [potion of
                  | mutation]
 29423 | D:9      | Lost mutation: Your body sometimes deteriorates upon taking
                  | damage. [potion of mutation]
 29423 | D:9      | Lost mutation: You occasionally lose the ability to read
                  | scrolls when taking damage. [potion of mutation]
 29423 | D:9      | Gained mutation: You are clumsy. (Dex -2) [potion of
                  | mutation]
 29423 | D:9      | Gained mutation: You have a pair of small antennae on your
                  | head. [potion of mutation]
 29633 | Orc:1    | Found Faneyrr's Specific Store.
 29639 | Orc:1    | Found Niepegef's General Store.
 29749 | Orc:1    | Found a runed translucent gate.
 29749 | Orc:1    | Found a runed translucent gate.
 29755 | Orc:1    | Found a runed translucent gate.
 29755 | Orc:1    | Noticed Ribbiut's ghost (journeyman GrFi)
 29882 | Orc:1    | HP: 24/113 [Ribbiut's ghost (21)]
 29904 | Orc:1    | Killed Ribbiut's ghost
 30139 | Orc:1    | You add the spells Swiftness, Vhi's Electric Charge and
                  | Lightning Bolt to your library.
 30139 | Orc:1    | Got Sif Muna's Almanac of the Tempest
 30169 | Orc:2    | Entered Level 2 of the Orcish Mines
 30365 | Orc:2    | Found a staircase to the Elven Halls.
 31951 | Orc:2    | HP: 24/113 [sixfirhy[an orc high priest] (9)]
 33201 | Orc:2    | Noticed an orc warlord
 33501 | Orc:2    | Killed an orc warlord
 33917 | Orc:2    | Found Dobrekol's Antique Armour Shop.
 33918 | Orc:2    | Found Gohixuppo's Antique Weapon Boutique.
 33920 | Orc:2    | Found Luutad's General Store.
 33920 | Orc:2    | Found Caecache's Book Shop.
 33939 | Orc:2    | Bought a shimmering leather armour for 182 gold pieces
 33939 | Orc:2    | Identified the +3 leather armour of Narcissism {rCorr} (You
                  | bought it in a shop on level 2 of the Orcish Mines)
 33941 | Orc:2    | Bought an embroidered robe for 96 gold pieces
 34103 | Orc:1    | Noticed Josephine
 34108 | Orc:1    | Reached skill level 12 in Conjurations
 34108 | Orc:1    | Reached skill level 12 in Earth Magic
 34108 | Orc:1    | Killed Josephine
 34460 | D:12     | HP: 15/113 [skeletal warrior/+0 glaive (29)]
 35255 | D:12     | Noticed a frost giant
 35601 | D:12     | Reached skill level 8 in Spellcasting
 35981 | D:12     | Killed a frost giant
 37076 | D:13     | Acquired 769 gold pieces
 37085 | D:13     | Acquired a +2 spectral lajatang
 37102 | D:13     | Noticed Rupert
 37113 | D:13     | Killed Rupert
 37625 | D:13     | You pick up a book of the Hunter and begin reading...
 37625 | D:13     | You add the spells Call Canine Familiar and Leda's
                  | Liquefaction to your library.
 37647 | D:13     | You pick up a book of the Wilderness and begin reading...
 37647 | D:13     | You add the spells Summon Forest, Summon Mana Viper and
                  | Summon Cactus Giant to your library.
 37698 | D:13     | You pick up a book of the Hunter and begin reading...
 38240 | D:13     | Found a gate to the Vaults.
 38248 | D:13     | HP: 28/113 [vault guard/+0 battleaxe (28)]
 38253 | D:13     | HP: 20/113 [vault guard/+0 battleaxe (11)]
 39501 | D:14     | Reached XP level 15. HP: 70/118 MP: 9/31
 39638 | D:14     | Noticed Snorg
 39645 | D:14     | Reached skill level 13 in Conjurations
 39645 | D:14     | Reached skill level 13 in Earth Magic
 39647 | D:14     | Killed Snorg
 39774 | D:14     | You pick up a book of Changes and begin reading...
 39774 | D:14     | You add the spells Beastly Appendage, Wereblood and Spider
                  | Form to your library.
 40358 | D:14     | You pick up a book of Scorching and begin reading...
 40358 | D:14     | You add the spells Scorch and Flame Wave to your library.
 40654 | D:15     | Entered Level 15 of the Dungeon
 40700 | D:15     | HP: 28/118 [centaur/arrow[a centaur warrior] (13)]
 40712 | D:15     | HP: 29/118 [centaur/arrow[a centaur warrior] (5)]
 40721 | D:15     | HP: 19/118 [centaur warrior/arrow (11)]
 41067 | D:15     | Found a staircase to the Depths.
 41081 | D:15     | HP: 23/118 [wolf spider (13)]
 41081 | D:15     | Slain by a wolf spider

Vanquished Creatures
  Rupert (D:13)
  A frost giant (D:12)
  An orc warlord (Orc:2)
  The ghost of Ribbiut the Fighter, a journeyman GrFi of Trog (Orc:1)
  2 dire elephants
  Snorg (D:14)
  2 ettins
  Josephine (Orc:1)
  3 vault guards (D:13)
  A great orb of eyes (D:15)
  11 hydras
  Harold (Lair:1)
  2 catoblepae
  Erica (Lair:1)
  3 centaur warriors
  4 two-headed ogres
  A boulder beetle (D:9)
  4 tengu warriors
  3 orc high priests
  A sun demon (Lair:5)
  Sonja (Lair:1)
  3 skeletal warriors
  A lindwurm (Lair:5)
  A necromancer (D:13)
  3 wizards
  4 orc knights
  3 bog bodies (Lair:2)
  3 deep elf pyromancers
  2 manticores
  4 orc sorcerers (Orc:2)
  8 ugly things
  3 cyclopes
  4 black mambas
  8 elephants
  A smoke demon (Lair:5)
  13 cane toads
  2 kobold demonologists
  3 rime drakes (Lair:5)
  2 freezing wraiths
  An efreet (D:15)
  10 komodo dragons
  2 yaktaurs (D:13)
  5 ice devils (Lair:5)
  2 tengu conjurers
  A polar bear (Lair:5)
  A polar bear (shapeshifter) (D:12)
  4 trolls
  A wolf spider simulacrum (D:14)
  8 blink frogs
  6 slime creatures
  A hornet (D:9)
  4 dream sheep
  A jumping spider (Lair:3)
  54 yaks
  5 wyverns
  A shadow (D:9)
  9 wraiths
  A vampire (D:7)
  4 water elementals
  18 humans (D:13)
  Grum (Lair:1)
  5 basilisks
  2 steam dragons
  9 vampire mosquitoes
  A redback (Lair:3)
  A swamp worm (Lair:2)
  2 wargs
  5 hell hounds (Lair:5)
  3 acid dragons
  9 water moccasins
  A black bear (D:6)
  35 orc warriors
  2 sky beasts
  3 ice beasts
  5 wolves
  9 ogres
  16 centaurs
  2 phantoms
  4 kobold brigands
  13 bullfrogs
  A necrophage (D:6)
  2 scorpions
  5 wights (D:9)
  10 killer bees
  6 electric eels
  6 howler monkeys
  3 lava snakes (Lair:2)
  5 hounds
  5 jellies
  19 orc priests
  3 iguanas
  23 orc wizards
  8 gnolls
  5 adders
  A shadow imp (D:7)
  A white imp (D:7)
  A worm (D:5)
  2 dart slugs
  101 orcs
  5 bats
  10 endoplasms
  3 giant cockroaches
  3 goblins
  3 hobgoblins (D:1)
  2 jackals (D:1)
  4 quokkas
  8 ball pythons
  3 frilled lizards
  29 kobolds
  3 rats
661 creatures vanquished.

Vanquished Creatures (collateral kills)
  2 two-headed ogres
  A tengu warrior (D:12)
  An elephant (Lair:5)
  2 yaks (Lair:5)
  A water moccasin (Lair:5)
  2 orc wizards
  An orc (D:12)
10 creatures vanquished.

Vanquished Creatures (others)
  4 dancing weapons
  An orc (D:8)
  12 bushes (Lair:5)
  96 fulminant prisms
  39 fungi
  146 plants
298 creatures vanquished.

Grand Total: 969 creatures vanquished

Table legend:
 A = Non-vault XP
 B = Vault XP
 C = Vault XP percentage of total XP
 D = Non-vault monster count
 E = Vault monster count
 F = Vault count percentage of total count
                 A         B        C        D         E       F
            +---------+---------+-------+---------+---------+-------
      Total |   74815 |   59026 |  44.1 |     472 |     199 |  29.7
            +---------+---------+-------+---------+---------+-------
        D:1 |      39 |       4 |   9.3 |      23 |       2 |   8.0
        D:2 |      13 |       0 |   0.0 |       8 |       0 |   0.0
        D:3 |     239 |       0 |   0.0 |      18 |       0 |   0.0
        D:4 |     690 |       0 |   0.0 |      21 |       0 |   0.0
        D:5 |     616 |     124 |  16.8 |      16 |       3 |  15.8
        D:6 |     885 |       0 |   0.0 |      18 |       0 |   0.0
        D:7 |    2526 |       0 |   0.0 |      40 |       0 |   0.0
        D:8 |    1281 |    3213 |  71.5 |      20 |       5 |  20.0
        D:9 |    3578 |    6037 |  62.8 |      40 |      18 |  31.0
       D:10 |    2881 |    2292 |  44.3 |      17 |       4 |  19.0
       D:11 |    4654 |       0 |   0.0 |      21 |       0 |   0.0
       D:12 |    5244 |    3429 |  39.5 |      29 |       5 |  14.7
       D:13 |    5420 |    9855 |  64.5 |      12 |      26 |  68.4
       D:14 |    7740 |     947 |  10.9 |      22 |       1 |   4.3
       D:15 |    3523 |    1261 |  26.4 |      12 |       2 |  14.3
     Lair:1 |    3310 |    2961 |  47.2 |      14 |       7 |  33.3
     Lair:2 |    1518 |    2537 |  62.6 |       7 |      11 |  61.1
     Lair:3 |    4730 |     689 |  12.7 |      17 |       3 |  15.0
     Lair:4 |    6121 |    1744 |  22.2 |      18 |       9 |  33.3
     Lair:5 |   15969 |   10551 |  39.8 |      49 |      25 |  33.8
      Orc:1 |    1581 |    4836 |  75.4 |      13 |       9 |  40.9
      Orc:2 |    2257 |    8546 |  79.1 |      37 |      69 |  65.1
            +---------+---------+-------+---------+---------+-------

Illustrated notes

Table legend:
 A = Kills in this place as a percentage of kills in entire the game.
 B = Kills by you in this place as a percentage of kills by you in the entire game.
 C = Kills by friends in this place as a percentage of kills by friends in the entire game.
 D = Other kills in this place as a percentage of other kills in the entire game.
 E = Experience gained in this place as a percentage of experience gained in the entire game.
 F = Experience gained in this place divided by the number of levels of this place that you have seen.
                   A       B       C       D       E      F
               +-------+-------+-------+-------+-------+----------------------
         Total | 100.0 | 100.0 | 100.0 |   N/A | 100.0 | 6083.7
       Dungeon |  57.1 |  57.2 |  50.0 |   N/A |  49.7 | 4432.7
          Lair |  23.8 |  23.6 |  40.0 |   N/A |  37.5 | 10026.0
  Orcish Mines |  19.1 |  19.2 |  10.0 |   N/A |  12.9 | 8610.0
               +-------+-------+-------+-------+-------+----------------------

Table legend: (Time is in decaauts)
 A = Elapsed time spent in this place.
 B = Non-inter-level travel time spent in this place.
 C = Inter-level travel time spent in this place.
 D = Time resting spent in this place.
 E = Time spent auto-exploring this place.
 F = Levels seen in this place.
 G = Mean time per level.
                   A        B        C        D        E       F      G
               +--------+--------+--------+--------+--------+-----+--------+
         Total |  41331 |  40217 |   1114 |  11125 |  24470 |  22 | 1878.7 |
       Dungeon |  25268 |  24538 |    730 |   6058 |  15983 |  15 | 1684.5 |
          Lair |  11073 |  10818 |    255 |   3346 |   6271 |   5 | 2214.6 |
  Orcish Mines |   4989 |   4861 |    128 |   1721 |   2216 |   2 | 2494.5 |
               +--------+--------+--------+--------+--------+-----+--------+

Top non-repeatable levels by time:
     D:9: 3826 daAuts
  Lair:5: 3420 daAuts
  Lair:4: 2644 daAuts
   Orc:1: 2626 daAuts
    D:11: 2437 daAuts
   Orc:2: 2363 daAuts
    D:12: 2155 daAuts
     D:7: 2029 daAuts
    D:10: 2011 daAuts
  Lair:3: 1984 daAuts
    D:13: 1721 daAuts
  Lair:2: 1711 daAuts
    D:14: 1650 daAuts
     D:1: 1629 daAuts
     D:8: 1563 daAuts
